 Dungeon Crawl Stone Soup version 0.30.1-3-gfc49f6343a (webtiles) character file.

Game seed: 8763339272295191275

6870 Fodor the Carver (level 10, -2/91 HPs)
             Began as a Minotaur Fighter on July 24, 2023.
             Was an Initiate of Gozag.
             Slain by a fire elemental (7 damage)
             ... summoned by a deep elf pyromancer
             ... on level 10 of the Dungeon.
             The game lasted 00:48:26 (11296 turns).

Fodor the Carver (Minotaur Fighter)                Turns: 11296, Time: 00:48:27

Health: -2/91      AC: 18    Str: 29    XL:     10   Next: 78%
Magic:  9/9        EV:  8    Int:  7    God:    Gozag
Gold:   810        SH:  0    Dex: 10    Spells: 9/9 levels left

rFire   . . .        H - +2 scimitar
rCold   . . .        n - orb {light}
rNeg    . . .        f - +2 plate armour
rPois   .            (helmet restricted)
rElec   .            (no cloak)
rCorr   .            t - +0 pair of gloves
SInv    .            (no boots)
Will    +....        G - amulet of faith Stlth
                     g - +6 ring of strength
HPRegen 0.35/turn    x - ring of willpower
MPRegen 0.11/turn

%: faith
@: gold aura, glowing
A: horns 2, retaliatory headbutt
a: Renounce Religion, Potion Petition, Call Merchant, Bribe Branch


You were on level 10 of the Dungeon.
You worshipped Gozag.
Gozag was pleased with you.
You visited 2 branches of the dungeon, and saw 11 of its levels.

You collected 992 gold pieces.
You paid 182 gold pieces to Gozag.

Inventory:

Hand Weapons
 s - a +2 quarterstaff of chaos
 H - a +2 scimitar (weapon)
Missiles
 b - 4 throwing nets
 v - 12 poisoned darts (quivered)
 N - 2 boomerangs
Armour
 f - a +2 plate armour (worn)
 n - an orb of light (worn)
 t - a +0 pair of gloves (worn)
 z - an orb of guile
 K - a +0 kite shield
Jewellery
 g - a +6 ring of strength (left hand)
 k - a ring of poison resistance
 q - a ring of protection from fire
 x - a ring of willpower (right hand)
 F - a ring of positive energy
 G - an amulet of faith (around neck)
Wands
 r - a wand of flame (71)
 A - a wand of roots (24)
 I - a wand of digging (11)
 J - a wand of quicksilver (6)
Scrolls
 a - 2 scrolls of fear {unknown}
 c - a scroll of teleportation
 i - a scroll of torment {unknown}
 l - a scroll of amnesia {unknown}
 m - a scroll of noise {unknown}
 o - 3 scrolls of vulnerability
 u - 2 scrolls of enchant weapon {unknown}
 w - 2 scrolls of blinking
 y - a scroll of magic mapping {unknown}
 C - a scroll of fog
 D - a scroll of silence
 E - a scroll of immolation
 O - a scroll of brand weapon {unknown}
Potions
 d - 2 potions of might
 e - 2 potions of cancellation
 h - 3 potions of attraction {unknown}
 j - 2 potions of brilliance {unknown}
 p - a potion of berserk rage {unknown}
 B - 5 potions of curing
 L - a potion of magic {unknown}
 M - a potion of resistance
 P - 2 potions of mutation {unknown}
 Q - a potion of flight {unknown}


   Skills:
 + Level 9.5 Fighting
 + Level 13.1 Long Blades
 + Level 1.3 Throwing
 + Level 11.7 Armour
 + Level 1.5 Dodging
 + Level 2.0 Stealth
 + Level 4.1 Shields


You had 9 spell levels left.
You didn't know any spells.
Your spell library contained the following spells:

 Spells                   Type           Power      Damage    Failure   Level
 Beastly Appendage        Tmut           0%         N/A       97%         1
 Ensorcelled Hibernation  Hex/Ice        0%         N/A       99%         2
 Wereblood                Tmut           0%         N/A       99%         2
 Inner Flame              Hex/Fire       0%         N/A       100%        3
 Spider Form              Tmut/Pois      0%         N/A       100%        3
 Stone Arrow              Conj/Erth      0%         3d7       100%        3
 Anguish                  Hex/Necr       0%         N/A       100%        4
 Animate Armour           Summ/Erth      0%         N/A       100%        4
 Manifold Assault         Tloc           0%         N/A       100%        4
 Yara's Violent Unravell  Hex/Tmut       0%         3d3       100%        5
 Dispersal                Tloc           0%         N/A       100%        6
 Enfeeble                 Hex            0%         N/A       100%        7
 Disjunction              Tloc           0%         N/A       100%        8
 Lehudib's Crystal Spear  Conj/Erth      0%         10d2      100%        8


Dungeon Overview and Level Annotations

Branches:
Dungeon (10/15)            Temple (1/1) D:6
   Lair: D:8-11         Orc: D:9-12

Altars:
Ashenzari
Cheibriados
Dithmenos
Elyvilon
Fedhas
Gozag
Hepliaklqana
Kikubaaqudgha
Makhleb
Nemelex Xobeh
Okawaru
Qazlal
Ru
Sif Muna
Trog
Uskayaw
Vehumet
Wu Jian
Xom
Yredelemnul
Zin
The Shining One
Lugonu

Shops:
D:5 :

Portals:
Abyss: D:9

Annotations:
D:9 2 runed translucent doors


Innate Abilities, Weirdness & Mutations

You have a pair of horns on your head.
You reflexively headbutt those who attack you in melee.


Message History

You barely miss the purple ugly thing.
The purple ugly thing is almost dead.
The purple ugly thing engulfs you.
You slash the purple ugly thing!
You kill the purple ugly thing!
The deep elf pyromancer casts a spell.
Your Long Blades skill increases to level 13!
You slash the fire elemental!
The fire elemental is moderately damaged.
The fire elemental closely misses you.
You barely miss the fire elemental.
Your headbutt misses the fire elemental.
The fire elemental is moderately damaged.
The fire elemental hits you. The fire elemental burns you!
You barely miss the fire elemental.
You headbutt the fire elemental, but do no damage.
The fire elemental is moderately damaged.
The ogre mage is engulfed in blazing flames.
The fire elemental hits you. The fire elemental burns you!
* * * LOW HITPOINT WARNING * * *
You hit the fire elemental. You headbutt the fire elemental.
The fire elemental is heavily damaged.
The fire elemental hits you. The fire elemental burns you!
* * * LOW HITPOINT WARNING * * *
The ogre mage is engulfed in blazing flames.
The fire elemental hits you. The fire elemental burns you!
* * * LOW HITPOINT WARNING * * *
The deep elf pyromancer hits you with a +0 long sword.
* * * LOW HITPOINT WARNING * * *
It was a potion of curing.
You feel better. The fire elemental hits you. The fire elemental burns you!
* * * LOW HITPOINT WARNING * * *
The fire elemental hits you. The fire elemental burns you!
* * * LOW HITPOINT WARNING * * *
The ogre mage is engulfed in blazing flames.
The ogre mage is distracted by your dazzling golden aura.
The deep elf pyromancer hits you but does no damage.
The fire elemental hits you. The fire elemental burns you!
You die...
Your body crumbles into a pile of gold.

. # # # # ## ##..# #.
####...# ##. #.EO...#
##.. ###@##°..# #...
##.eE.# ##..######..#
##...°.# #........
#...°..# #.......#
#......#######.......#
#...................##
#...........##......#
#...................#
##........####......#


You could see an ogre mage (invisible, unaware), a deep elf pyromancer and 2
fire elementals.

Vanquished Creatures
  An ugly thing (D:10)
  2 shadows (D:10)
  A wyvern (D:8)
  15 yaks
  2 humans (D:9)
  A steam dragon (D:9)
  Menkaure (D:6)
  2 ice beasts
  4 orc warriors
  A sky beast (D:7)
  A phantom (D:5)
  Blork the orc (D:4)
  4 bullfrogs
  4 scorpions
  10 wights
  9 killer bees
  A howler monkey (D:6)
  Crazy Yiuf (D:3)
  A gnoll bouda (D:8)
  10 orc priests
  2 hounds (D:5)
  An iguana (D:7)
  2 sleepcaps
  16 orc wizards
  8 gnolls
  2 adders
  A shadow imp (D:7)
  5 white imps
  A worm (D:3)
  4 dart slugs
  32 orcs
  11 ball pythons
  4 bats
  10 endoplasms
  2 giant cockroaches
  6 goblins
  10 hobgoblins
  7 kobolds
  4 quokkas
  2 frilled lizards
  8 rats
210 creatures vanquished.

Vanquished Creatures (others)
  An angel (D:8)
1 creature vanquished.

Grand Total: 211 creatures vanquished

Notes
Turn   | Place    | Note
-------+----------+-------------------------------------------
     0 | D:1      | Fodor the Minotaur Fighter began the quest for the Orb.
     0 | D:1      | Reached XP level 1. HP: 19/19 MP: 0/0
    86 | D:1      | Reached XP level 2. HP: 24/27 MP: 1/1
   434 | D:1      | Reached XP level 3. HP: 28/33 MP: 2/2
   802 | D:2      | Found a faded altar of an unknown god.
  1287 | D:2      | Found a burning altar of Makhleb.
  1623 | D:3      | Found a shadowy altar of Dithmenos.
  1887 | D:3      | Found a runed translucent door.
  1888 | D:3      | Noticed Crazy Yiuf
  1897 | D:3      | Killed Crazy Yiuf
  1898 | D:3      | Reached skill level 3 in Long Blades
  1898 | D:3      | Reached XP level 4. HP: 31/41 MP: 3/3
  2011 | D:3      | Noticed a scorpion
  2023 | D:3      | Killed a scorpion
  2024 | D:3      | Reached skill level 4 in Long Blades
  2024 | D:3      | Reached XP level 5. HP: 34/47 MP: 4/4
  3093 | D:4      | Reached skill level 5 in Fighting
  3093 | D:4      | Reached skill level 5 in Armour
  3208 | D:4      | Reached skill level 5 in Long Blades
  3208 | D:4      | Reached XP level 6. HP: 43/56 MP: 5/5
  3971 | D:4      | Noticed Blork the orc
  3979 | D:4      | Killed Blork the orc
  4043 | D:4      | Reached skill level 6 in Long Blades
  4355 | D:5      | Entered Level 5 of the Dungeon
  4763 | D:5      | Noticed an ice beast
  4774 | D:5      | Killed an ice beast
  4775 | D:5      | Reached XP level 7. HP: 41/61 MP: 6/6
  5179 | D:5      | Reached skill level 7 in Long Blades
  5231 | D:5      | Reached skill level 1 in Stealth
  5280 | D:5      | Found Muuqarof's Book Emporium.
  5646 | D:6      | Reached XP level 8. HP: 22/70 MP: 7/7
  6165 | D:6      | Found a staircase to the Ecumenical Temple.
  6182 | Temple   | Entered the Ecumenical Temple
  6279 | D:6      | Reached skill level 8 in Long Blades
  6329 | D:6      | Found a blossoming altar of Fedhas.
  6411 | D:6      | Noticed Menkaure
  6420 | D:6      | Killed Menkaure
  6666 | D:6      | Reached skill level 9 in Long Blades
  7385 | D:7      | Reached XP level 9. HP: 48/77 MP: 8/8
  7400 | D:7      | Reached skill level 10 in Long Blades
  7400 | D:7      | Reached skill level 1 in Dodging
  7841 | D:7      | Found a shimmering blue altar of Sif Muna.
  8946 | D:8      | Found an ancient bone altar of Kikubaaqudgha.
  9016 | D:8      | Found an opulent altar of Gozag.
  9032 | D:8      | Became a worshipper of Gozag Ym Sagoz the Greedy
  9082 | D:8      | Reached skill level 11 in Long Blades
  9082 | D:8      | Reached skill level 10 in Armour
  9192 | D:8      | Killed an angel
  9227 | D:8      | Found a glowing silver altar of Zin.
  9227 | D:8      | Found a shimmering altar of Xom.
  9450 | D:8      | Reached XP level 10. HP: 85/88 MP: 9/9
  9760 | D:8      | Found a burning altar of Makhleb.
  9901 | D:8      | Found a sparkling altar of Nemelex Xobeh.
  9965 | D:9      | Found an iron altar of Okawaru.
 10237 | D:9      | Reached skill level 12 in Long Blades
 10420 | D:9      | Found a large runed translucent door.
 10421 | D:9      | Found a large runed translucent door.
 10426 | D:9      | Found a corrupted altar of Lugonu.
 10426 | D:9      | Noticed a red ugly thing
 10428 | D:9      | Noticed a green ugly thing
 10429 | D:9      | Identified the +2 robe of the Turtledove {Contam Harm rN+
                  | Dex+3 Archmagi}
 10508 | D:9      | Found a one-way gate to the infinite horrors of the Abyss.
 11145 | D:10     | Entered Level 10 of the Dungeon
 11152 | D:10     | Found a stormy altar of Qazlal.
 11237 | D:10     | Reached skill level 1 in Throwing
 11279 | D:10     | Noticed a purple ugly thing
 11279 | D:10     | Noticed an ogre mage
 11280 | D:10     | Noticed a deep elf pyromancer
 11291 | D:10     | Killed a purple ugly thing
 11292 | D:10     | Reached skill level 13 in Long Blades
 11296 | D:10     | Slain by a fire elemental

Illustrated notes

Levels and vault maps discovered:
D:1:      minmay_arrival_cross, layout_loops_ring
D:2:      layout_rooms, shapermc_ecumenical_altar_starsandcircs, basic_altar
D:3:      layout_basic, lemuel_doored_altar, chequers_serial_rivers_micro_a,
          amcnicky_mini_pool_small, uniq_crazy_yiuf_cottage
D:4:      layout_basic, uniq_blork_the_orc
D:5:      layout_basic, serial_shops, shop
D:6:      layout_gridville, mainiacjoe_overflow_cross_hatched,
          minmay_temple_entry_trees, dreamdust_wishing_well, uniq_menkaure
D:7:      layout_basic, led_sif_book, serial_curves, eino_curves_02,
          eino_curves_02, columned_hall_lemuel
D:8:      layout_basic, lemuel_coloured_pillars_altar,
          nicolae_kikubaaqudgha_miasma_corner, grunt_gozag_breadcrumbs,
          marbit_many_paths, grunt_temple_overflow_order_and_chaos_1
D:9:      due_chaos_kobolds, layout_basic, okawaru_humans
D:10:     minmay_blocky_corners, layout_rooms, lemuel_tele_altar,
          hangedman_decor_opposing, minmay_misc_feat_ornament
Temple:   hellmonk_temple_of_storms

Skill      XL: |  1  2  3  4  5  6  7  8  9 10 |
---------------+-------------------------------+-----
Fighting       | 4 5 6 8 9 |  9.5
Armour         | 4 5 6 7 8 10 11 | 11.7
Long Blades    | 3 4 5 6 7 9 11 13 | 13.1
Shields        | 4 |  4.1
Stealth        | 1 2 |  2.0
Dodging        | 1 |  1.5
Throwing       | 1 |  1.3

Action                     |  1- 3 |  4- 6 |  7- 9 | 10-12 || total
---------------------------+-------+-------+-------+-------++-------
  Melee: Long sword        |    77 |   102 |    46 |       ||   225
         Headbutt          |     9 |    21 |    63 |    34 ||   127
         Scimitar          |       |       |   214 |   124 ||   338
  Throw: Dart              |       |     3 |     2 |     6 ||    11
    Use: Scroll            |       |       |     6 |     5 ||    11
         Potion            |       |       |     4 |     3 ||     7
 Armour: Scale mail        |    19 |       |       |       ||    19
         Plate armour      |    50 |    73 |   165 |    87 ||   375
  Dodge: Dodged            |    31 |    25 |   107 |    50 ||   213
  Block: Buckler           |    26 |       |       |       ||    26
